[Event "Team 45 45 League T48"]
[Site "Internet Chess Club"]
[Date "2011.03.03"]
[Round "4"]
[White "Burbia"]
[Black "seattleblues"]
[Result "0-1"]
[WhiteElo "1386"]
[BlackElo "1396"]
[Opening "French: advance, Euwe variation"]
[ECO "C02"]
[Time "17:02:37"]
[TimeControl "2700+45"]

1. e4 e6 2. d4 d5 3. e5 c5 4. c3 Nc6 5. Nf3 Bd7 6. Be2 Nge7 7. O-O cxd4 8. cxd4
Nf5 9. Nc3 Qb6 10. Na4 Qc7 11. g4 Nh6 12. h3 Be7 13. a3 f5 14. g5 Nf7 15. Kh2
Qd8 16. Rg1 Na5 17. b4 Nc4 18. Nc5 b6 19. Nxd7 Qxd7 20. g6 Nd8 21. Bxc4 dxc4 22.
Bg5 Bxg5 23. Nxg5 h6 24. Nf3 Rc8 25. Rc1 b5 26. Nd2 Qxd4 27. Nb1 {White resigns}
0-1

[Event "Team 45 45 League T48"]
[Site "Internet Chess Club"]
[Date "2011.03.06"]
[Round "4"]
[White "Conjurer"]
[Black "Tinks12345"]
[Result "0-1"]
[WhiteElo "1160"]
[BlackElo "1342"]
[Opening "English: Carls' Bremen system"]
[ECO "A22"]
[Time "12:12:27"]
[TimeControl "2700+45"]

1. c4 e5 2. Nc3 Nf6 3. g3 Bc5 4. Bg2 Nc6 5. Nf3 d6 6. O-O O-O 7. a3 Be6 8. b4
Bb6 9. d3 e4 10. Ng5 exd3 11. Nxe6 dxe2 12. Qxe2 Nd4 13. Nxd8 Nxe2+ 14. Nxe2
Raxd8 15. Bxb7 Rfe8 16. Nf4 Ng4 17. Bd2 Re7 18. Rfe1 Bxf2+ 19. Kf1 Bxe1 20. Rxe1
Rxe1+ 21. Bxe1 Ne3+ 22. Kf2 Nxc4 23. a4 Ne5 24. Nd5 Re8 25. Nxc7 Nd3+ 26. Kf1
Rxe1+ 27. Kg2 Nxb4 28. Nb5 Ra1 29. Nc3 Ra3 {White resigns} 0-1

[Event "Team 45 45 League T48"]
[Site "Internet Chess Club"]
[Date "2011.03.06"]
[Round "4"]
[White "Gilguli"]
[Black "kidcobra"]
[Result "0-1"]
[WhiteElo "1323"]
[BlackElo "1713"]
[Opening "Blackmar-Diemer: Euwe defense"]
[ECO "C10"]
[Time "15:00:31"]
[TimeControl "2700+45"]

1. e4 e6 2. d4 d5 3. Nc3 dxe4 4. f3 exf3 5. Nxf3 Nf6 6. Bg5 Be7 7. Bd3 h6 8. Bh4
O-O 9. Qd2 Nd5 10. Bg3 Nxc3 11. bxc3 Nc6 12. O-O f5 13. Rae1 Bd6 14. Bh4 g5 15.
Nxg5 hxg5 16. Bxg5 Qd7 17. Bh6 Rf7 18. Bc4 Qe7 19. d5 Ne5 20. dxe6 Bxe6 21. Bxe6
Qxe6 22. Bf4 Qf6 23. Qd5 Nc6 24. Re6 Bc5+ 25. Kh1 Rd8 26. Rxf6 Rxd5 27. Rxf7
Kxf7 28. Bxc7 Ke6 29. h4 Rd2 30. h5 Bf8 31. g4 Rd5 32. g5 Rd7 33. Re1+ Kf7 34.
g6+ Kg7 35. Bf4 Re7 36. Rg1 Na5 37. h6+ Kg8 38. g7 Bxg7 39. hxg7 Rxg7 40. Rxg7+
Kxg7 41. Bb8 a6 42. Kg2 Nc4 43. Kf3 Na3 44. Kf4 Kf6 45. Be5+ Ke6 46. Bc7 Nxc2
47. a4 Na3 48. a5 Nc4 49. Kf3 Kd7 50. Bg3 Kc6 51. Kf4 Nxa5 52. Kxf5 Kc5 53. Ke4
Kc4 54. Be5 Nc6 55. Bd4 a5 56. Ke3 a4 57. Kd2 Nxd4 58. cxd4 Kxd4 59. Kc2 Kc4 60.
Kb2 b5 61. Ka3 b4+ 62. Kxa4 Kc3 63. Ka5 {White resigns} 0-1

[Event "Team 45 45 League T48"]
[Site "Internet Chess Club"]
[Date "2011.03.06"]
[Round "4"]
[White "tryanything"]
[Black "kanhok-xul"]
[Result "1-0"]
[WhiteElo "1570"]
[BlackElo "1459"]
[Opening "QGA: 3.e4"]
[ECO "D20"]
[Time "18:00:18"]
[TimeControl "2700+45"]

1. d4 d5 2. c4 dxc4 3. e4 Nc6 4. Nf3 Nf6 5. Nc3 Bg4 6. Be3 e6 7. Bxc4 a6 8. O-O
Be7 9. Be2 O-O 10. h3 Bh5 11. e5 Nd5 12. Nxd5 Qxd5 13. b3 f5 14. exf6 Bxf6 15.
Rc1 Bf7 16. Qd2 Rac8 17. Rfd1 Ne7 18. Bc4 Qd7 19. Ne5 Bxe5 20. dxe5 Qxd2 21.
Rxd2 c6 22. Rd7 Nd5 23. Bxd5 exd5 24. Rxb7 Bg6 25. Rb6 Bd3 26. Rbxc6 Rxc6 27.
Rxc6 Be4 28. Rxa6 Re8 29. f4 Rd8 30. Rd6 Ra8 31. a4 Rb8 32. Rb6 Rc8 33. e6 Kf8
34. g4 g6 35. a5 h5 36. a6 hxg4 37. hxg4 Ke7 38. a7 d4 39. Bxd4 Rc1+ 40. Kf2 Rc8
41. Rb8 {Black resigns} 1-0

[Event "Team 45 45 League T48"]
[Site "Internet Chess Club"]
[Date "2011.03.05"]
[Round "4"]
[White "KidRattler"]
[Black "eyalki"]
[Result "1-0"]
[WhiteElo "1186"]
[BlackElo "1380"]
[Opening "Two knights defense"]
[ECO "C57"]
[Time "14:30:50"]
[TimeControl "2700+45"]

1. e4 e5 2. Nf3 Nc6 3. Bc4 Nf6 4. Ng5 d5 5. exd5 Nxd5 6. Qf3 f6 7. Bxd5 Qe7 8.
Bxc6+ Kd8 9. Qd3+ Bd7 10. Bxd7 Qxd7 11. Nf7+ Ke8 12. Qxd7+ Kxd7 13. Nxh8 Ke7 14.
Nc3 g6 15. Nd5+ Ke6 16. Nxc7+ {Black resigns} 1-0

[Event "Team 45 45 League T48"]
[Site "Internet Chess Club"]
[Date "2011.03.05"]
[Round "4"]
[White "koni"]
[Black "SlimeDog2"]
[Result "1/2-1/2"]
[WhiteElo "1915"]
[BlackElo "2052"]
[Opening "Sicilian: Najdorf, Byrne (English) attack"]
[ECO "B90"]
[Time "03:00:08"]
[TimeControl "2700+45"]

1. e4 c5 2. Nf3 d6 3. d4 cxd4 4. Nxd4 Nf6 5. Nc3 a6 6. Be3 e5 7. Nb3 Be6 8. f3
h5 9. Qd2 Nbd7 10. O-O-O Be7 11. Kb1 b5 12. f4 exf4 13. Bxf4 Ne5 14. Bd3 O-O 15.
h3 b4 16. Nd5 Nxd5 17. exd5 Bxd5 {Game drawn by mutual agreement} 1/2-1/2

[Event "Team 45 45 League T48"]
[Site "Internet Chess Club"]
[Date "2011.03.05"]
[Round "4"]
[White "RosewoodTele"]
[Black "BigH"]
[Result "1-0"]
[WhiteElo "1822"]
[BlackElo "1793"]
[Opening "Benoni defense"]
[ECO "A61"]
[Time "06:36:41"]
[TimeControl "2700+45"]

1. d4 Nf6 2. c4 c5 3. d5 e6 4. Nc3 d6 5. Nf3 g6 6. e4 Bg7 7. Be2 O-O 8. O-O Na6
9. Re1 Nc7 10. Bf1 exd5 11. exd5 Bg4 12. h3 Bxf3 13. Qxf3 Nd7 14. Qg3 Be5 15.
Bf4 f5 16. h4 Qf6 17. Bxe5 dxe5 18. Rad1 Ne8 19. h5 a6 20. d6 Rd8 21. hxg6 Qxg6
22. Qxg6+ hxg6 23. Nd5 Nef6 24. Ne7+ Kg7 25. g3 e4 26. Bg2 Ne5 27. f3 Nxc4 28.
fxe4 fxe4 29. Bxe4 Nxe4 30. Rxe4 Rxd6 31. Rxd6 Nxd6 32. Rg4 Rf6 33. Nd5 Rf7 34.
Nf4 Rf6 35. Nh5+ Kf7 36. Nxf6 Kxf6 37. Rf4+ Ke5 38. Kg2 b5 39. Kf3 c4 40. Rg4
Kf5 41. Rf4+ Ke5 42. g4 b4 43. Ke3 a5 44. Rf8 Kd5 45. Rf6 a4 46. Rxg6 c3 47.
bxc3 Nc4+ 48. Ke2 bxc3 49. Kd1 Kd4 50. Ra6 Kd3 51. g5 Ne5 52. Rd6+ Kc4 53. Kc2
Nf3 54. g6 Ne1+ 55. Kc1 Kb4 56. g7 Nf3 57. g8=Q Ka3 58. Rd3 {Black resigns} 1-0

[Event "Team 45 45 League T48"]
[Site "Internet Chess Club"]
[Date "2011.03.06"]
[Round "4"]
[White "Plattner"]
[Black "musk6868"]
[Result "0-1"]
[WhiteElo "1792"]
[BlackElo "1927"]
[Opening "Dutch with c4 & Nc3"]
[ECO "A85"]
[Time "07:06:21"]
[TimeControl "2700+45"]

1. d4 f5 2. c4 Nf6 3. Nc3 d6 4. g3 g6 5. Bg2 Bg7 6. Qb3 c6 7. Nh3 O-O 8. d5 Qc7
9. Bf4 Na6 10. Rc1 Nc5 11. Qc2 a5 12. O-O e5 13. dxe6 Nxe6 14. Bd2 Nc5 15. Rfd1
Be6 16. b3 Rad8 17. Ng5 Bc8 18. Nh3 Rfe8 19. Bg5 h6 20. Bxf6 Bxf6 21. Nf4 Qf7
22. a3 Ne6 23. Nxe6 Bxe6 24. e3 Qf8 25. Ne2 Bf7 26. Nd4 Qe7 27. Rd2 d5 28. cxd5
Bxd5 29. Bxd5+ Rxd5 30. Qc4 Rd8 31. Nf3 Qxa3 32. Rcd1 Qd6 33. e4 fxe4 34. Qxe4
Kg7 35. Rxd5 cxd5 36. Qc2 d4 37. Qe4 Qd5 38. Qd3 b5 39. Rc1 Rd7 40. h4 Re7 41.
h5 Qxh5 42. Rc6 Qd5 43. Rb6 b4 44. Rb5 Qd8 45. Nd2 Qc7 46. Nc4 Re1+ 47. Kg2 Qc6+
{White resigns} 0-1

[Event "Team 45 45 League T48"]
[Site "Internet Chess Club"]
[Date "2011.03.05"]
[Round "4"]
[White "Eiliyah1"]
[Black "Nakke"]
[Result "1-0"]
[WhiteElo "1460"]
[BlackElo "1732"]
[Opening "Old Benoni defense"]
[ECO "A44"]
[Time "14:00:53"]
[TimeControl "2700+45"]

1. d4 c5 2. d5 e5 3. c4 d6 4. Nc3 f5 5. Nf3 Nf6 6. e4 h6 7. exf5 Bxf5 8. Nh4 Bh7
9. Bd3 g5 10. Bg6+ Bxg6 11. Nxg6 Rh7 12. O-O Nbd7 13. Qc2 Kf7 14. Ne4 Nxe4 15.
Qxe4 Nf6 16. Qc2 Rg7 17. Nxf8 Kxf8 18. h4 Kg8 19. Qf5 Qd7 20. Qxf6 Rf8 21. Qxh6
gxh4 22. Qe6+ Qxe6 23. dxe6 Re8 24. Re1 Rxe6 25. Re4 Reg6 26. Rxh4 Rxg2+ 27. Kf1
Kf7 28. Rh3 Ke6 29. b3 a6 30. Bb2 b5 31. Rh6+ R7g6 32. Rxg6+ Rxg6 33. Rd1 Rg4
34. Rc1 Kf5 35. Ke2 Re4+ 36. Kd3 Rf4 37. Rc2 bxc4+ 38. bxc4 Ke6 39. Bc1 Rd4+ 40.
Ke2 Re4+ 41. Be3 Rg4 42. Rc3 Rg8 43. Ra3 Ra8 44. f4 e4 45. Rb3 Rh8 46. Rb6 Rh2+
47. Bf2 e3 48. Kxe3 Rh3+ 49. Ke2 Ra3 50. Bxc5 Rxa2+ 51. Kd3 Ra1 52. Rxd6+ Kf5
53. Be3 a5 54. Rd5+ Ke6 55. f5+ Ke7 56. f6+ Kf7 57. Rd7+ Ke8 58. f7+ Kxd7 59.
f8=Q Rd1+ 60. Bd2 Kc6 61. Qf3+ Kc5 62. Qxd1 Kb6 63. Be3+ Ka6 64. Qb3 a4 65. Qb6#
{Black checkmated} 1-0

[Event "Team 45 45 League T48"]
[Site "Internet Chess Club"]
[Date "2011.03.06"]
[Round "4"]
[White "viking99"]
[Black "Wheels"]
[Result "0-1"]
[WhiteElo "1848"]
[BlackElo "1865"]
[Opening "Sicilian: Canal-Sokolsky (Nimzovich-Rossolimo, Moscow) attack"]
[ECO "B51"]
[Time "20:22:05"]
[TimeControl "2700+45"]

1. e4 c5 2. Nf3 d6 3. Bb5+ Nd7 4. c3 Nf6 5. Qe2 g6 6. d4 Bg7 7. O-O O-O 8. Re1
a6 9. Ba4 Nb6 10. Bb3 Qc7 11. Bf4 Nh5 12. Be3 Bg4 13. Nbd2 Rac8 14. h3 Bd7 15.
Rac1 Bb5 16. c4 Bd7 17. Nf1 e5 18. dxe5 dxe5 19. Red1 Rfd8 20. Bd2 Qc6 21. Bc2
Qe6 22. Ne3 Nf4 23. Qf1 Ba4 24. b3 Be8 25. Nd5 Nfxd5 26. exd5 Qd6 27. Re1 f5 28.
Bg5 Rd7 29. Qe2 e4 30. Nh2 Be5 31. Nf1 Rf7 32. g3 Kg7 33. Qd2 Bd4 34. Ne3 Qe5
35. Nd1 Qxg3+ 36. Kh1 Qxh3+ 37. Kg1 Be5 38. f4 Bd4+ 39. Nf2 Qg3+ 40. Kf1 Bc3 41.
Qe3 Qxe3 42. Rxe3 Bd2 43. Ree1 Bxc1 44. Rxc1 Nd7 45. Ke2 Nf6 46. Rh1 Nh5 47. Ke3
h6 48. Bh4 Bd7 49. Rg1 Nf6 50. Bd1 b5 51. Bc2 a5 52. Rd1 Ne8 53. d6 Nf6 54. Rd2
Rb8 55. Bd1 bxc4 56. bxc4 Rb4 57. Be2 Ra4 58. Rb2 Ra3+ 59. Rb3 Rxb3+ 60. axb3
Rf8 61. Bd1 Ra8 62. Nh1 Ra6 63. Be1 Rxd6 64. Nf2 Ra6 65. Bc3 a4 66. b4 cxb4 67.
Bxb4 Be6 68. Kd4 Nd7 69. Be2 a3 70. Bc3 Rd6+ 71. Ke3+ Kf7 72. Ba1 Nc5 73. Nd1
Nb3 74. Be5 Ra6 75. Nc3 a2 {White resigns} 0-1

[Event "Team 45 45 League T48"]
[Site "Internet Chess Club"]
[Date "2011.03.03"]
[Round "4"]
[White "Philly-Boy"]
[Black "Rookmaster"]
[Result "1-0"]
[WhiteElo "1890"]
[BlackElo "1683"]
[Opening "QGD: Chigorin defense"]
[ECO "D07"]
[Time "22:00:33"]
[TimeControl "2700+45"]

1. d4 d5 2. c4 Nc6 3. Nc3 dxc4 4. d5 Ne5 5. Qd4 Ng6 6. Qxc4 a6 7. e4 Rb8 8. a4
Bd7 9. f4 e5 10. fxe5 Nxe5 11. Qd4 Qh4+ 12. g3 Qf6 13. Bf4 Bd6 14. O-O-O Nd3+
15. Qxd3 Bxf4+ 16. gxf4 Qxf4+ 17. Qd2 Qd6 18. e5 Qb4 19. Qd4 c5 20. Qc4 Qb6 21.
Bd3 Qh6+ 22. Kb1 Ne7 23. Qxc5 Rc8 24. Qb4 Bg4 {Black resigns} 1-0

[Event "Team 45 45 League T48"]
[Site "Internet Chess Club"]
[Date "2011.03.05"]
[Round "4"]
[White "DaveTheRook"]
[Black "Monsieur"]
[Result "1-0"]
[WhiteElo "1757"]
[BlackElo "1560"]
[Opening "Queen's pawn game, Chigorin variation"]
[ECO "A04"]
[Time "16:03:23"]
[TimeControl "2700+45"]

1. Nf3 Nc6 2. d4 d5 3. g3 g6 4. Bg2 Bg7 5. O-O e5 6. dxe5 Nxe5 7. Nxe5 Bxe5 8.
Qxd5 Qxd5 9. Bxd5 Nf6 10. Bg2 O-O 11. c3 c6 12. Nd2 Be6 13. Nf3 Bc7 14. Bh6 Rfe8
15. Rfe1 Bb6 16. e3 Bd5 17. b3 Ne4 18. c4 Be6 19. Nd4 Nc5 20. Nxe6 Nxe6 21. b4
a5 22. c5 Bc7 23. a3 axb4 24. axb4 Rxa1 25. Rxa1 Rb8 26. f4 f5 27. Kf2 Nd8 28.
Bg5 b6 29. Ra7 Ne6 30. Bxc6 Nxg5 31. Rxc7 Ne4+ 32. Bxe4 fxe4 33. c6 h5 34. Rd7
Ra8 35. c7 Ra2+ 36. Ke1 Rc2 37. Rd8+ Kf7 38. c8=Q Rxc8 39. Rxc8 Ke6 40. Rc6+ Kf5
41. Rxb6 Kg4 42. Rxg6+ Kf3 43. b5 Kg2 44. b6 h4 45. gxh4+ Kh3 46. b7 Kxh2 47. h5
Kh3 48. h6 Kh4 49. h7 Kh5 50. Rg1 {Black resigns} 1-0

[Event "Team 45 45 League T48"]
[Site "Internet Chess Club"]
[Date "2011.03.04"]
[Round "4"]
[White "BrerRabbit"]
[Black "Kingofknights"]
[Result "0-1"]
[WhiteElo "1537"]
[BlackElo "1621"]
[Opening "English: Caro-Kann defensive system"]
[ECO "A11"]
[Time "19:31:40"]
[TimeControl "2700+45"]

1. c4 c6 2. g3 d5 3. Nf3 dxc4 4. Bg2 Nf6 5. O-O Be6 6. Na3 Bd5 7. d3 cxd3 8.
Qxd3 Nbd7 9. Be3 e5 10. Qd1 Bxa3 11. bxa3 Qa5 12. Qc1 O-O 13. Bd2 Qa6 14. Re1 c5
15. Qb2 Rac8 16. Bc3 e4 17. Ne5 Nxe5 18. Bxe5 Rfe8 19. Bf4 h6 20. Bh3 Be6 21.
Bg2 Nd5 22. Bxe4 Nxf4 23. gxf4 Bxa2 24. Qxb7 Qxb7 25. Bxb7 Rc7 26. Rxa2 Rxb7 27.
e3 f5 28. Rc1 Rb5 29. Rac2 Rc8 30. Rc4 Kf7 31. Kf1 Ke6 32. Ke2 Kd5 33. Kd3 Rb3+
34. R1c3 Rb2 35. Rc2 Rxc2 36. Rxc2 c4+ 37. Ke2 Rb8 38. Rd2+ Ke6 39. Rd4 Rb2+ 40.
Kf3 Rc2 41. h4 h5 42. Rd8 Ra2 43. Rc8 Rxa3 44. Rxc4 Ra6 45. Rc7 g6 46. Rg7 Kd5
47. Rd7+ Kc5 48. Rc7+ Kd6 49. Rg7 Kd5 50. Rd7+ Ke6 51. Rg7 Kf6 52. Rc7 Ra2 53.
Rc6+ Kg7 54. Rc7+ Kh6 55. Rd7 a5 56. Ra7 a4 57. Ra6 a3 58. Ra7 Ra1 59. Ra6 a2
60. Ra7 Rh1 61. Rxa2 Rxh4 62. Ra6 Rg4 63. Ra1 Kg7 64. Rh1 Kf7 65. e4 fxe4+ 66.
Kxe4 Ke6 67. Rh2 Rg1 68. f5+ gxf5+ 69. Kf4 Rg4+ 70. Kf3 h4 71. Ke2 Re4+ 72. Kf3
Kf6 73. Kg2 Kg5 74. Kh3 Rc4 75. Rg2+ Kh5 76. Rg8 Rc3+ 77. Kh2 h3 78. Rh8+ Kg4
79. Rg8+ Kf4 80. Rh8 Rf3 81. Rh4+ Kg5 82. Rxh3 Rxf2+ 83. Kg3 Rb2 84. Rh8 Rb3+
85. Kf2 Kg4 86. Rg8+ Kf4 87. Rf8 Rb2+ 88. Kf1 Ke4 89. Rf7 f4 90. Rf8 Kf3 91. Kg1
Rc2 92. Rf7 Rc4 93. Rf8 Re4 94. Rf7 Ke2 95. Kg2 Ke3 96. Rf8 Re5 97. Rf7 Rg5+ 98.
Kf1 Kf3 99. Rf8 Ra5 100. Rf7 Ra1# {White checkmated} 0-1

[Event "Team 45 45 League T48"]
[Site "Internet Chess Club"]
[Date "2011.03.03"]
[Round "4"]
[White "BosqueVerde"]
[Black "jjaillet2007"]
[Result "1-0"]
[WhiteElo "1256"]
[BlackElo "1311"]
[Opening "QGD: Tarrasch defense"]
[ECO "D32"]
[Time "21:00:24"]
[TimeControl "2700+45"]

1. d4 d5 2. c4 e6 3. Nc3 c5 4. Nf3 Nc6 5. e3 Nf6 6. cxd5 exd5 7. Bb5 a6 8. Bxc6+
bxc6 9. Qa4 Bb7 10. O-O Bd6 11. dxc5 Bc7 12. b4 O-O 13. Bb2 a5 14. b5 Ne4 15. b6
Bb8 16. Nxe4 dxe4 17. Qxe4 Re8 18. Rad1 Qc8 19. Qd4 f6 20. Qc4+ Kf8 21. Qh4 Qf5
22. Rd2 Re4 23. Nd4 Rxh4 24. Nxf5 Rh5 25. Nd6 Bxd6 26. Rxd6 Rxc5 27. Rd7 Rb8 28.
Ba3 Ke8 29. Rfd1 Rd5 30. R1xd5 cxd5 31. Rxg7 Rc8 32. Rxb7 Rc3 33. Re7+ Kd8 34.
b7 Rxa3 35. b8=Q+ Kxe7 36. g3 Rxa2 37. Qb3 Ra1+ 38. Kg2 Ke6 39. Qb7 a4 40. Qxh7
a3 41. Qg8+ Ke5 42. Qe8+ Kf5 43. Kf3 Rh1 44. h4 a2 45. g4# {Black checkmated}
1-0

[Event "Team 45 45 League T48"]
[Site "Internet Chess Club"]
[Date "2011.03.06"]
[Round "4"]
[White "anatolybcn"]
[Black "jocooper"]
[Result "1-0"]
[WhiteElo "1301"]
[BlackElo "1107"]
[Opening "Pirc defense"]
[ECO "B07"]
[Time "11:04:08"]
[TimeControl "2700+45"]

1. e4 d6 2. d4 Nf6 3. Nc3 g6 4. h3 Bg7 5. Bd3 O-O 6. Nf3 Nbd7 7. Be3 c6 8. Qd2
e5 9. Bh6 b5 10. Bxg7 Kxg7 11. d5 Bb7 12. dxc6 Bxc6 13. a3 a6 14. O-O Rc8 15.
Rfe1 Nh5 16. Ng5 Nf4 17. Nf3 Nxd3 18. cxd3 Nf6 19. b4 Bb7 20. a4 Qd7 21. axb5
axb5 22. Ra5 Bc6 23. Rea1 Ra8 24. h4 Rxa5 25. Rxa5 Ra8 26. Rxa8 Bxa8 27. Qa2 Bc6
28. Ng5 d5 29. exd5 Nxd5 30. Nxd5 Bxd5 31. Qb2 Qg4 32. Qxe5+ f6 33. Qe7+ Bf7 34.
Nxf7 Qxh4 35. Nd6+ Kh6 36. Qe3+ Kg7 37. Ne8+ Kf7 38. Nd6+ Kg7 39. Nxb5 Qxb4 40.
Nd4 Qb1+ 41. Kh2 Qb8+ 42. g3 Qe5 43. Qxe5 fxe5 44. Nf3 Kf6 45. Nd2 Kf5 46. f3 h5
47. Ne4 g5 48. Nd6+ Ke6 49. Nc4 Kf5 50. Ne3+ Ke6 51. Kh3 Kf6 52. g4 h4 53. Nd5+
Ke6 54. Nc7+ Kd7 55. Nb5 Ke6 56. d4 exd4 57. Nxd4+ Ke5 58. Nf5 Kf4 59. Kg2 h3+
60. Kxh3 Kxf3 61. Nh6 Ke4 62. Nf7 Kf4 63. Nd6 Kf3 64. Nc4 Kf4 65. Nd2 Ke3 66.
Nf1+ Kf4 67. Nh2 Ke5 68. Kg3 Kf6 69. Nf3 Kg6 70. Ne5+ Kf6 71. Nd3 Kg6 72. Kf3
Kf6 73. Ke4 Ke6 74. Ne5 Kf6 75. Nd7+ Ke6 76. Nf8+ Kf6 77. Nd7+ Ke6 78. Nc5+ Kf6
79. Kd5 Kg6 80. Ke5 Kh6 81. Kf5 Kg7 82. Kxg5 Kg8 83. Kh6 Kh8 84. g5 Kg8 85. g6
Kh8 86. Nd7 Kg8 87. g7 Kf7 88. Kh7 {Black resigns} 1-0

[Event "Team 45 45 League T48"]
[Site "Internet Chess Club"]
[Date "2011.03.08"]
[Round "4"]
[White "WannaB"]
[Black "Mclintock45"]
[Result "1-0"]
[WhiteElo "960"]
[BlackElo "962"]
[Opening "King's pawn game"]
[ECO "C50"]
[Time "10:29:46"]
[TimeControl "2700+45"]

1. e4 e5 2. Nf3 Nc6 3. Bc4 Qe7 4. Nc3 Na5 5. d3 Nf6 6. Bg5 d6 7. Nd5 Qd7 8. Bxf6
gxf6 9. Nxf6+ Kd8 10. Nxd7 Bxd7 11. Bxf7 Bg4 12. O-O Be7 13. h3 Bxf3 14. Qxf3
Rf8 15. Qh5 Kd7 16. Qf5+ Kc6 17. Qxh7 Rad8 18. Bd5+ Kb6 19. Qxe7 Rfe8 20. Qg5 c6
21. Bf7 Rf8 22. Qe3+ Kc7 23. Qg5 Rd7 24. Be6 Rh7 25. d4 exd4 26. Qxa5+ Kb8 27.
Qb4 Re8 28. Qxd6+ Ka8 29. Bf5 Rf7 30. Qxd4 Rff8 31. Rad1 a6 32. Rd3 Rg8 33. Qc4
Rb8 34. Rfd1 Ka7 35. Qc5+ Ka8 36. e5 Rxg2+ 37. Kxg2 b6 38. Qxc6+ Rb7 39. Rd8+
Ka7 40. R8d7 a5 41. Qxb7# {Black checkmated} 1-0

[Event "Team 45 45 League T48"]
[Site "Internet Chess Club"]
[Date "2011.03.05"]
[Round "4"]
[White "guyd52"]
[Black "malihini"]
[Result "1-0"]
[WhiteElo "1237"]
[BlackElo "1185"]
[Opening "Réti: King's Indian attack (Barcza system)"]
[ECO "A07"]
[Time "19:00:24"]
[TimeControl "2700+45"]

1. Nf3 d5 2. g3 c6 3. Bg2 Bf5 4. d3 h6 5. O-O Nd7 6. Nbd2 Ngf6 7. Re1 e6 8. e4
Bh7 9. e5 Ng8 10. a3 Bc5 11. b4 Bb6 12. Nb3 Ne7 13. Be3 Qc7 14. Bxb6 Nxb6 15.
Nc5 Nd7 16. Nxd7 Qxd7 17. Qd2 O-O 18. Qe3 f6 19. Nd4 Nf5 20. Nxf5 Bxf5 21. f3
Qc7 22. g4 Bh7 23. Qd4 b6 24. Re3 c5 25. Qf4 cxb4 26. Re2 bxa3 27. Qb4 Qc5+ 28.
Qxc5 bxc5 29. Rxa3 a5 30. Rb3 Rab8 31. Ra3 Rb1+ 32. Bf1 Ra8 33. exf6 Ra6 34.
fxg7 Kxg7 35. Rc3 Rc6 36. Ra3 Rcb6 37. Rxa5 c4 38. dxc4 dxc4 39. Rc5 Rd6 40.
Rxc4 Rdd1 41. Rf2 Kf6 42. h4 Rb2 43. Kg2 Bg6 44. Rc8 Bf7 45. Bd3 e5 46. Rc6+ Ke7
47. Re2 Kd7 48. Rxh6 {Black resigns} 1-0

[Event "Team 45 45 League T48"]
[Site "Internet Chess Club"]
[Date "2011.03.06"]
[Round "4"]
[White "dpmdpm"]
[Black "wekabird"]
[Result "1-0"]
[WhiteElo "1446"]
[BlackElo "1153"]
[Opening "Caro-Kann: exchange variation"]
[ECO "B13"]
[Time "15:02:22"]
[TimeControl "2700+45"]

1. e4 c6 2. d4 d5 3. exd5 cxd5 4. Bd3 e6 5. Nf3 Nf6 6. O-O b6 7. Bf4 Ba6 8. c3
Bxd3 9. Qxd3 Be7 10. h3 O-O 11. Nbd2 Nbd7 12. Bh2 g6 13. Rfe1 a6 14. Ne5 Nxe5
15. Bxe5 Nd7 16. Bf4 Bg5 17. Bxg5 Qxg5 18. Nf3 Qd8 19. Qe3 Kg7 20. Ne5 Nxe5 21.
Qxe5+ Kg8 22. Qg3 Qe7 23. h4 h5 24. Re5 f6 25. Qxg6+ Qg7 26. Qxg7+ Kxg7 27. Rxe6
b5 28. Rae1 Rf7 29. Rd6 a5 30. Rxd5 b4 31. Rxh5 bxc3 32. bxc3 Rb7 33. d5 Rb2 34.
Rf5 Rxa2 35. Rc1 a4 36. d6 Rd2 37. c4 Rxd6 38. Rd5 Re6 39. c5 a3 40. Ra1 Re2 41.
c6 Rb2 42. c7 a2 43. Rdd1 Rb1 44. Rdxb1 axb1=Q+ 45. Rxb1 Rc8 46. Rc1 Kf7 47. f4
Ke7 48. g4 Kd7 49. Kg2 Rxc7 50. Rxc7+ Kxc7 51. g5 f5 52. g6 {Black resigns} 1-0

[Event "Team 45 45 League T48"]
[Site "Internet Chess Club"]
[Date "2011.03.08"]
[Round "4"]
[White "Conjurer"]
[Black "otib2006"]
[Result "1-0"]
[WhiteElo "1183"]
[BlackElo "1307"]
[Opening "English opening"]
[ECO "A17"]
[Time "10:01:11"]
[TimeControl "2700+45"]

1. c4 Nf6 2. Nc3 e6 3. g3 Be7 4. Bg2 O-O 5. Nf3 d5 6. cxd5 Nxd5 7. O-O Nxc3 8.
bxc3 Nc6 9. d4 Bf6 10. Bf4 Rb8 11. Rb1 Bd7 12. Ne5 Nxe5 13. Bxe5 Bxe5 14. dxe5
b6 15. Qd3 a6 16. Qxa6 b5 17. Rfd1 c6 18. Qa7 Ra8 19. Qxd7 Rxa2 20. Qxd8 Rxe2
21. Bxc6 Rxe5 22. Rxb5 Re1+ 23. Kg2 h6 24. Qxf8+ Kxf8 25. Rxe1 Ke7 26. Rd1 Kf6
27. Be4 e5 28. Rb6+ Kg5 29. h4+ Kh5 {Black resigns} 1-0

[Event "Team 45 45 League T48"]
[Site "Internet Chess Club"]
[Date "2011.03.05"]
[Round "4"]
[White "PsyMar"]
[Black "WilmaP"]
[Result "1-0"]
[WhiteElo "1322"]
[BlackElo "1121"]
[Opening "French: Winawer (Nimzovich) variation"]
[ECO "C15"]
[Time "13:00:27"]
[TimeControl "2700+45"]

1. e4 e6 2. d4 d5 3. Nc3 Bb4 4. Bd3 Nc6 5. Nf3 Nf6 6. e5 Bxc3+ 7. bxc3 Ne4 8. c4
Nc3 9. Qd2 Ne4 10. Qe3 Bd7 11. Bxe4 dxe4 12. Qxe4 Qe7 13. O-O O-O-O 14. Bg5 f6
15. Be3 f5 16. Qd3 h6 17. d5 g5 18. dxc6 Bxc6 19. Nd4 Be4 20. Qb3 f4 21. Nxe6
fxe3 22. Nxd8 Rxd8 23. Qxe3 Bxc2 24. Qh3+ Kb8 25. Qxh6 Qxe5 26. Rac1 Bd3 27.
Rfd1 Qe7 28. Re1 Re8 29. Rxe7 {Black resigns} 1-0

[Event "Team 45 45 League T48"]
[Site "Internet Chess Club"]
[Date "2011.03.05"]
[Round "4"]
[White "TerryMalloy"]
[Black "SlimeDog2"]
[Result "0-1"]
[WhiteElo "1834"]
[BlackElo "2059"]
[Opening "Grünfeld defense"]
[ECO "D80"]
[Time "21:11:20"]
[TimeControl "2700+45"]

1. d4 Nf6 2. c4 g6 3. Nc3 d5 4. e3 Bg7 5. Qb3 e6 6. Qa3 Nc6 7. Nf3 Ne7 8. Be2
O-O 9. O-O b6 10. cxd5 exd5 11. Bd2 Ne4 12. Rac1 Bg4 13. Rc2 Bf5 14. Rcc1 Qd7
15. Nb5 Rfc8 16. Rfd1 c6 17. Nc3 Rc7 18. Be1 Nc8 19. b4 b5 20. Nxe4 Bxe4 21. Ne5
Bxe5 22. dxe5 Nb6 23. f3 Bf5 24. e4 Be6 25. exd5 Bxd5 26. Bg3 Rb7 27. f4 Qe7 28.
Bf2 a5 29. Bc5 Qe6 30. Qe3 Nd7 31. a3 Nxc5 32. Rxc5 axb4 33. axb4 Kg7 34. Bf3
Rd8 35. Bxd5 Rxd5 36. Rdxd5 cxd5 37. Qd3 Ra7 38. Qxd5 Qf5 39. Qd4 Qb1+ 40. Kf2
Ra2+ 41. Kg3 Qf1 42. e6+ Kh6 43. Qd5 Ra3+ 44. Kg4 f5+ {White resigns} 0-1

[Event "Team 45 45 League T48"]
[Site "Internet Chess Club"]
[Date "2011.03.06"]
[Round "4"]
[White "chsrules88"]
[Black "kasperloff"]
[Result "1-0"]
[WhiteElo "2061"]
[BlackElo "1945"]
[Opening "Caro-Kann: advance variation"]
[ECO "B12"]
[Time "12:30:39"]
[TimeControl "2700+45"]

1. e4 c6 2. d4 d5 3. e5 Bf5 4. Bd3 Bxd3 5. Qxd3 e6 6. Nf3 Ne7 7. O-O Nd7 8. Bg5
Qb6 9. Bxe7 Bxe7 10. b3 c5 11. c3 O-O 12. Nbd2 Rac8 13. Rfe1 Rc6 14. c4 dxc4 15.
Nxc4 Qc7 16. d5 exd5 17. Qxd5 Nb6 18. Nxb6 axb6 19. Rad1 Rd8 20. Qc4 Qc8 21. Rd5
Rg6 22. Red1 Rxd5 23. Qxd5 Qc6 24. Rd3 Kf8 25. Nd2 Qxd5 26. Rxd5 Ke8 27. a4 Re6
28. f4 f6 29. Nc4 fxe5 30. fxe5 Rc6 31. Kf2 Kf7 32. Rd7 Ke6 33. Rxb7 Bf8 34.
Rxb6 Rxb6 35. Nxb6 Kxe5 {Black resigns} 1-0

[Event "Team 45 45 League T48"]
[Site "Internet Chess Club"]
[Date "2011.03.07"]
[Round "4"]
[White "Hathor"]
[Black "LobowolfXXX"]
[Result "1/2-1/2"]
[WhiteElo "1976"]
[BlackElo "1926"]
[Opening "Queen's bishop game"]
[ECO "D02"]
[Time "15:02:13"]
[TimeControl "2700+45"]

1. d4 d5 2. Nf3 Nf6 3. Bf4 c5 4. e3 Nc6 5. Nbd2 Qb6 6. Rb1 cxd4 7. exd4 Nxd4 8.
Be3 Nxf3+ 9. Nxf3 Qd8 10. Bd3 Bg4 11. h3 Bh5 12. Bb5+ Nd7 13. Qxd5 Bxf3 14.
Bxd7+ Qxd7 15. Qxf3 e6 16. O-O Be7 17. Rbd1 Qc8 18. Rfe1 O-O 19. c3 Rd8 20.
Rxd8+ Bxd8 21. Rd1 Bf6 22. Bd4 Bxd4 23. Rxd4 h6 24. Qd1 Qc6 25. Qd2 Rc8 26. Rd6
Qe4 27. Rd7 Rc5 28. f3 Qc6 29. Rd8+ {Game drawn by mutual agreement} 1/2-1/2